 Dungeon Crawl Stone Soup version 0.17.0-57-g0e89251 (console) character file.

6670 Kloppie the Destroyer (level 10, 0/102 HPs)
             Began as a High Elf Conjurer on Dec 8, 2015.
             Was a Priest of Vehumet.
             Slain by Psyche
             ... wielding a +0 dagger of chaos
              (2 damage)
             ... on level 9 of the Dungeon.
             The game lasted 00:32:18 (13573 turns).

Kloppie the Destroyer (High Elf Conjurer)          Turns: 13573, Time: 00:32:18

Health: 0/102      AC: 25    Str:  7    XL:     10   Next: 73%
Magic:  14/21      EV:  2    Int: 22    God:    Vehumet [***...]
Gold:   619        SH:  0    Dex: 17    Spells: 5 memorised, 7 levels left

rFire  . . .     SeeInvis .     a - +0 quarterstaff (venom)
rCold  . . .     Clarity  +     (armour currently unavailable)
rNeg   + + +     SustAt   .     (shield currently unavailable)
rPois  +         Gourm    .     (helmet currently unavailable)
rElec  .         Spirit   .     (cloak currently unavailable)
rCorr  .         Warding  .     (gloves currently unavailable)
rMut   .         NoTele   +     (boots currently unavailable)
MR     +....                    p - amulet of clarity
Stlth  +++.......               (no ring)
                                s - ring of invisibility

@: tree-form, somewhat resistant to hostile enchantments, fairly stealthy
A: no striking features
a: Renounce Religion, Evoke Invisibility


You were on level 9 of the Dungeon.
You worshipped Vehumet.
Vehumet was most pleased with you.
You were not hungry.
You were a tree.
You visited 2 branches of the dungeon, and saw 12 of its levels.

You collected 619 gold pieces.

Inventory:

Hand Weapons
 a - a +0 quarterstaff of venom (weapon)
 k - a +0 war axe
 E - the +6 trident of Maudwacs {elec, rN+}
   (You found it on level 7 of the Dungeon)

   Occasionally, upon striking a foe, it will discharge some electrical energy
   and cause terrible harm.
   It protects you from negative energy.
 G - the cursed +1 rapier of Turmoil {freeze, rN+}
   (You found it on level 7 of the Dungeon)

   It has been specially enchanted to freeze those struck by it, causing extra
   injury to most foes and up to half again as much damage against particularly
   susceptible opponents.
   It can also slow down cold-blooded creatures.
   It protects you from negative energy.
   It has a curse placed upon it.
 J - the cursed +3 hand axe "Bicevas" {elec, rElec MR+}
   (You found it on level 10 of the Dungeon)

   Occasionally, upon striking a foe, it will discharge some electrical energy
   and cause terrible harm.
   It insulates you from electricity.
   It affects your resistance to hostile enchantments.
   It has a curse placed upon it.
Armour
 l - a +2 pair of boots (melded)
 o - a +1 pair of gloves (melded)
 D - a +0 robe (melded)
Magical Staves
 L - an uncursed staff of wizardry
Rods
 v - a +0 rod of clouds (13/13)
   (You found it on level 6 of the Dungeon)
Jewellery
 p - an amulet of clarity (around neck)
 s - a ring of invisibility (left branch)
Wands
 g - a wand of magic darts (13)
 i - a wand of digging (20)
 q - a wand of magic darts (35)
 x - a wand of flame (46)
 z - a wand of confusion (14)
 H - a wand of invisibility (4)
 O - a wand of disintegration (16)
Scrolls
 m - 2 scrolls of fog
 n - 4 scrolls of noise
 r - 2 scrolls of teleportation
 t - 2 scrolls of enchant armour
 y - 2 scrolls of recharging
 F - a scroll of magic mapping
Potions
 d - 3 potions of haste
 e - 6 potions of curing {unknown}
 f - 4 potions of agility
 j - a potion of flight
 w - a potion of brilliance
 A - a potion of resistance {unknown}
 B - a potion of cancellation {unknown}
 I - a potion of ambrosia {unknown}
Books
 b - a book of Conjurations

   Spells                             Type                      Level
   a - Magic Dart                     Conjuration                  1
   b - Searing Ray                    Conjuration                  2
   c - Dazzling Spray                 Conjuration/Hexes            3
   d - Fulminant Prism                Conjuration/Hexes            4
   e - Iskenderun's Mystic Blast      Conjuration                  4
   f - Iskenderun's Battlesphere      Conjuration/Charms           5
Comestibles
 c - 6 bread rations
 u - 43 fruits
 C - 3 meat rations
 K - a royal jelly
 M - 8 chunks of flesh
 N - a slice of pizza


   Skills:
 + Level 5.9 Fighting
 + Level 5.3 Dodging
 - Level 2.1 Stealth
 - Level 7.2 Spellcasting
 + Level 11.5 Conjurations
 - Level 5.2 Hexes
 - Level 8.2 Charms


You had 7 spell levels left.
You knew the following spells:

 Your Spells              Type           Power        Failure   Level  Hunger
a - Magic Dart            Conj           ####         1%          1    None
b - Searing Ray           Conj           ######       1%          2    None
c - Iskenderun's Mystic   Conj           ######..     1%          4    ###....
d - Fulminant Prism       Conj/Hex       #####.....   1%          4    ###....
e - Iskenderun's Battles  Conj/Chrm      ######..     1%          5    #####..


Dungeon Overview and Level Annotations

Branches:
Dungeon (11/15)            Temple (1/1) D:5
   Lair: D:8-11         Orc: D:9-12

Altars:
Ashenzari
Cheibriados
Dithmenos
Elyvilon
Gozag
Kikubaaqudgha
Makhleb
Nemelex Xobeh
Okawaru
Qazlal
Ru
Sif Muna
Trog
Vehumet
Xom
Zin
The Shining One

Shops:
D:5 (

Annotations:
D:5 Prince Ribbit
D:8 Maurice
D:9 Erolcha, Psyche


Message History

The searing ray misses Psyche.
Psyche hits you but does no damage.
The searing ray misses Psyche.
Psyche hits you with a dagger of chaos.
* * * LOW HITPOINT WARNING * * *
The searing ray hits Psyche.
Psyche is moderately wounded.
Psyche hits you but does no damage.
Psyche mumbles some strange words.
Psyche seems to speed up.
Casting: Searing Ray
Confirm with . or Enter, or press ? or * to list all spells.
Aiming: Searing Ray
Press: ? - help, Shift-Dir - straight line, f/p - Psyche
Aim: Psyche, wielding a dagger of chaos and wearing a robe (moderately wounded, fast, unusually strong)
The searing ray hits Psyche.
Psyche is heavily wounded.
Psyche points at you and mumbles some strange words.
The puff of flame hits you!
* * * LOW HITPOINT WARNING * * *
Psyche hits you with a dagger of chaos.
You die...

#..'....'.!#((.#
####....#####).#
##########(.# #..##.).##
#........### ##
##.......)(.## .#
##............### .###
##.........@.....## ...#
#..........♣........
.#####.#.................
_..##.##.................
.#.#..#....................#
...#.##......................
.######......................
.##.##.......................
....##.......................
###.###......................


You could see Psyche.

Vanquished Creatures
  Pikel (D:4)
  A hill giant (D:10)
  Joseph (D:7)
  2 trolls (D:10)
  6 yaks
  A hungry ghost (D:10)
  An ice beast (D:7)
  A water moccasin (D:10)
  A sky beast (D:10)
  A phantom (D:9)
  A necrophage (D:6)
  A black bear (D:10)
  A slave (D:4)
  2 ogres
  2 orc warriors
  2 centaurs (D:10)
  5 big kobolds
  6 giant frogs
  4 scorpions
  4 wights (D:8)
  6 killer bees (D:10)
  A centaur zombie (D:7)
  2 orc priests
  5 crimson imps
  4 hounds
  A quasit (D:6)
  A giant frog skeleton (D:5)
  2 giant frog zombies
  3 jellies
  9 orc wizards
  3 iguanas
  10 worker ants
  A worker ant zombie (D:8)
  Robin (D:3)
  5 gnolls
  15 adders
  4 shadow imps
  2 oozes
  2 adder zombies
  2 adder skeletons (D:9)
  5 worms
  3 giant geckos
  32 orcs
  A ball python (D:2)
  3 bats (D:1)
  3 giant cockroaches
  15 goblins
  12 hobgoblins
  9 jackals
  18 kobolds
  6 quokkas
  A giant gecko skeleton (D:6)
  A giant newt (D:7)
  A jackal skeleton (D:9)
  A quokka skeleton (D:8)
  12 rats
246 creatures vanquished.

Vanquished Creatures (others)
  An orc priest (D:4)
  An orc wizard (D:4)
  2 gnolls (D:4)
  A worm (D:3)
  4 orcs
  A giant cockroach (D:4)
  A giant newt (D:4)
  A quokka (D:4)
  8 fulminant prisms
20 creatures vanquished.

Grand Total: 266 creatures vanquished

Notes
Turn   | Place    | Note
--------------------------------------------------------------
     0 | D:1      | Kloppie the High Elf Conjurer began the quest for the Orb.
     0 | D:1      | Reached XP level 1. HP: 11/11 MP: 4/4
   398 | D:1      | Reached XP level 2. HP: 17/17 MP: 2/6
   463 | D:1      | Learned a level 2 spell: Searing Ray
  1362 | D:2      | Reached XP level 3. HP: 14/21 MP: 8/8
  1454 | D:2      | Reached skill level 5 in Conjurations
  2453 | D:3      | Reached XP level 4. HP: 27/27 MP: 6/11
  2454 | D:3      | Noticed Robin
  2519 | D:2      | Learned a level 4 spell: Iskenderun's Mystic Blast
  2524 | D:2      | Learned a level 4 spell: Fulminant Prism
  3074 | D:3      | Reached XP level 5. HP: 25/31 MP: 2/13
  3411 | D:3      | Found a sacrificial altar of Ru.
  3432 | D:3      | Reached skill level 5 in Spellcasting
  3432 | D:3      | Reached skill level 6 in Conjurations
  3578 | D:3      | Found a deep blue altar of Sif Muna.
  3608 | D:3      | Killed Robin
  3723 | D:3      | Found a radiant altar of Vehumet.
  3941 | D:3      | Noticed a moth of wrath
  3944 | D:3      | Found a bloodstained altar of Trog.
  4505 | D:3      | Reached XP level 6. HP: 34/36 MP: 3/15
  5010 | D:4      | Noticed Pikel
  5025 | D:4      | Killed Pikel
  5025 | D:4      | Reached skill level 7 in Spellcasting
  5025 | D:4      | Reached XP level 7. HP: 3/41 MP: 1/18
  5384 | D:4      | Reached skill level 8 in Conjurations
  5397 | D:4      | Learned a level 5 spell: Iskenderun's Battlesphere
  5782 | D:4      | Reached skill level 1 in Charms
  5784 | D:4      | Reached skill level 1 in Hexes
  5885 | D:4      | Reached XP level 8. HP: 46/46 MP: 15/19
  6271 | D:5      | Entered Level 5 of the Dungeon
  6424 | D:5      | Noticed Prince Ribbit
  6608 | D:5      | Found a burning altar of Makhleb.
  6628 | D:5      | Found a staircase to the Ecumenical Temple.
  6643 | Temple   | Entered the Ecumenical Temple
  6766 | D:3      | Became a worshipper of Vehumet
  6930 | D:5      | Found Umnumom's Weapon Shop.
  7203 | D:6      | Found a shimmering altar of Xom.
  7616 | D:6      | Reached * piety under Vehumet
  7616 | D:6      | Offered knowledge of Shock by Vehumet.
  7733 | D:6      | Reached skill level 9 in Conjurations
  7996 | D:7      | Noticed Joseph
  8018 | D:7      | Got a crystal trident
  8350 | D:7      | Reached skill level 5 in Charms
  8382 | D:7      | Reached XP level 9. HP: 35/51 MP: 12/20
  8542 | D:7      | Got a smoking rapier
  8695 | D:7      | HP: 2/51 [Joseph/quarterstaff (11)]
  8696 | D:7      | Killed Joseph
  8696 | D:7      | Reached skill level 5 in Hexes
  9013 | D:7      | Reached ** piety under Vehumet
  9013 | D:7      | Offered knowledge of Throw Flame by Vehumet.
  9285 | D:7      | Reached skill level 1 in Fighting
  9514 | D:8      | Reached skill level 10 in Conjurations
  9662 | D:8      | Identified the cursed +1 rapier of Turmoil {freeze, rN+} (You found it on level 7 of the Dungeon)
  9875 | D:8      | Noticed Maurice
  9988 | D:9      | Found an opulent altar of Gozag.
 10087 | D:9      | Offered knowledge of Conjure Flame by Vehumet.
 10320 | D:9      | Noticed Erolcha
 10855 | D:9      | Reached *** piety under Vehumet
 11161 | D:9      | Noticed Psyche
 11165 | D:10     | Entered Level 10 of the Dungeon
 11219 | D:10     | Got a transparent hand axe
 11270 | D:10     | Noticed a hill giant
 11287 | D:10     | Killed a hill giant
 11287 | D:10     | Reached XP level 10. HP: 7/63 MP: 3/21
 11854 | D:10     | Found a shattered altar of Ashenzari.
 12273 | D:10     | Reached skill level 11 in Conjurations
 12282 | D:10     | Identified the +6 trident of Maudwacs {elec, rN+} (You found it on level 7 of the Dungeon)
 12283 | D:10     | Identified the cursed +3 hand axe "Bicevas" {elec, rElec MR+} (You found it on level 10 of the Dungeon)
 12288 | D:10     | Identified a +0 rod of clouds (13/13) (You found it on level 6 of the Dungeon)
 12503 | D:10     | Offered knowledge of Olgreb's Toxic Radiance by Vehumet.
 12620 | D:10     | Reached skill level 5 in Fighting
 12988 | D:11     | Noticed a tengu warrior
 13110 | D:10     | Reached skill level 5 in Dodging
 13573 | D:9      | HP: 2/102 [Psyche/puff of flame (7)]
 13573 | D:9      | Slain by Psyche

Action                   |  1- 3 |  4- 6 |  7- 9 | 10-12 || total
-------------------------+-------+-------+-------+-------++-------
Melee: Unarmed           |     3 |       |       |       ||     3
       Club              |    43 |    20 |       |       ||    63
       War axe           |       |    20 |       |       ||    20
       Quarterstaff      |       |     4 |    73 |     8 ||    85
 Cast: Magic Dart        |    67 |   118 |   240 |    34 ||   459
       Searing Ray       |       |    11 |    41 |    23 ||    75
       Fulminant Prism   |       |       |     6 |     2 ||     8
       Iskenderun's Myst |       |       |     1 |    12 ||    13
       Iskenderun's Batt |       |       |     1 |     2 ||     3
  Use: Scroll            |       |       |    13 |     6 ||    19
       Potion            |       |       |     1 |     1 ||     2
 Stab: Sleeping          |     1 |       |     3 |       ||     4
  Eat: Chunk             |     5 |     8 |    16 |     9 ||    38
       Beef jerky        |       |       |     1 |       ||     1
       Pizza             |       |       |     1 |       ||     1
